 Dungeon Crawl Stone Soup version 0.31.0-4-g52a2dc7128 (webtiles) character file.

Game seed: 5773192215695410374

2132 GordonOverkill the Zephyrmancer (level 9, 0/47 (50) HPs)
             Began as a Kobold Reaver on Jan 22, 2024.
             Was an Initiate of Vehumet.
             Slain by a wight
             ... wielding a +3 falchion of freezing
              (3 damage)
             ... on level 7 of the Dungeon.
             The game lasted 00:16:32 (9926 turns).

GordonOverkill the Zephyrmancer (Kobold Reaver)     Turns: 9926, Time: 00:16:32

HP:   0/47 (50)     AC:  5    Str:  9    XL:     9   Next: 55%
MP:   10/25         EV: 19    Int: 19    God:    Vehumet [......]
Gold: 258           SH:  0    Dex: 13    Spells: 10/18 levels left

rFire   + . .        a - +0 short sword
rCold   . . .        (no shield)
rNeg    . . .        m - +2 leather armour {rF+}
rPois   .            (no helmet)
rElec   .            (no cloak)
rCorr   .            (no gloves)
SInv    .            (no boots)
Will    .....        (no amulet)
Stlth   ++           f - +5 ring of evasion
HPRegen 0.27/turn    q - ring of magical power
MPRegen 0.19/turn

%: no passive effects
@: drained
A: small, no large weapons, nightstalker 3
a: Renounce Religion


You were on level 7 of the Dungeon.
You worshipped Vehumet.
Vehumet was noncommittal.
You visited 2 branches of the dungeon, and saw 8 of its levels.

You collected 258 gold pieces.

Inventory:

Hand Weapons
 a - a +0 short sword (weapon)
 v - a +3 dagger of chaos
Missiles
 w - a throwing net
Armour
 k - a +2 robe of willpower
 m - a +2 leather armour of fire resistance (worn)
 x - a +1 robe of fire resistance
Magical Staves
 y - a staff of cold
Jewellery
 f - a +5 ring of evasion (left hand)
 q - a ring of magical power (right hand)
 t - a +4 ring of protection
Wands
 r - a wand of quicksilver (3)
Scrolls
 b - 2 scrolls of poison
 g - a scroll of immolation
 h - a scroll of noise {unknown}
 j - 3 scrolls of teleportation
 u - a scroll of fog {unknown}
Potions
 c - 2 potions of brilliance
 d - a potion of invisibility
 e - 2 potions of lignification
 i - a potion of magic
 l - 3 potions of curing
 n - a potion of mutation
 o - a potion of berserk rage
 p - a potion of attraction
 s - a potion of haste


   Skills:
 - Level 3.0 Fighting
 - Level 4.0 Short Blades
 - Level 2.4 Dodging
 - Level 5.0 Spellcasting
 - Level 4.0 Conjurations
 - Level 5.0 Ice Magic
 + Level 9.2 Air Magic


You had 10 spell levels left.
You knew the following spells:

 Your Spells              Type           Power      Damage    Failure   Level
a - Kiss of Death         Conj/Necr      48%        2d9       8%          1
b - Hailstorm             Conj/Ice       21%        3d7       9%          3
c - Airstrike             Air            19%        2d(3-19)  3%          4

Your spell library contained the following spells:

 Spells                   Type           Power      Damage    Failure   Level
 Static Discharge         Conj/Air       58%        3-6/arc   1%          2
 Magic Dart               Conj           76%        1d6       3%          1
 Momentum Strike          Conj/Tloc      24%        3d8       12%         2
 Dazzling Flash           Conj/Hex       24%        N/A       22%         3
 Summon Lightning Spire   Summ/Air       22%        N/A       26%         4
 Volatile Blastmotes      Fire/Tloc      8%         2d10      45%         3
 Starburst                Conj/Fire      6%         6d4       100%        6
 Malign Gateway           Summ/Tloc      2%         N/A       100%        7
 Maxwell's Capacitive Co  Air            19%        ∞         100%        8
 Summon Horrible Things   Summ           2%         N/A       100%        8


Dungeon Overview and Level Annotations

Branches:
Dungeon (7/15)             Temple (1/1) D:4

Altars:
Ashenzari
Dithmenos
Elyvilon
Fedhas
Gozag
Kikubaaqudgha
Nemelex Xobeh
Ru
Sif Muna
Trog
Vehumet
Wu Jian
Xom
Yredelemnul
Zin
The Shining One

Shops:
D:1 ?

Annotations:
D:4 exclusion: ice beast, hitsuchi's ghost, amateur GrEE


Innate Abilities, Weirdness & Mutations

You are small and have problems with some larger weapons.
You are completely attuned to the shadows.


Message History

The hail pelts the wight.
The wight is lightly damaged.
The hail pelts the wight.
The wight partially resists.
The wight is moderately damaged.
Unknown command.
Casting: Hailstorm (dangerous; 9% risk of failure)
Confirm with . or Enter, or press ? or * to list all spells.
Aiming: Airstrike (dangerous; 3% risk of failure)
Press: ? - help, Dir - move target, f - wight
Aim: a wight, wielding a +3 falchion of freezing and wearing a +0 robe (moderately damaged, empty space bonus: 1/8)
The air twists around and strikes the wight.
The wight is heavily damaged.
The wight closely misses you.
Casting: Airstrike (dangerous; 3% risk of failure)
Confirm with . or Enter, or press ? or * to list all spells.
Aiming: Airstrike (dangerous; 3% risk of failure)
Press: ? - help, Dir - move target, f/p - wight
Aim: a wight, wielding a +3 falchion of freezing and wearing a +0 robe (heavily damaged, empty space bonus: 1/8)
The air twists around and strikes the wight.
The wight is heavily damaged.
The wight hits you with a +3 falchion of freezing!
You feel drained. The wight freezes you.
Your magical contamination has completely faded away.
The wight attacks as it pursues you!
The wight hits you with a +3 falchion of freezing.
The wight freezes you.
There is an open door, spattered with blood here.
The wight attacks as it pursues you! The wight barely misses you.
The wight attacks as it pursues you!
The wight hits you with a +3 falchion of freezing!
* * * LOW HITPOINT WARNING * * *
You feel drained.
* * * LOW HITPOINT WARNING * * *
The wight freezes you.
* * * LOW HITPOINT WARNING * * *
The wight attacks as it pursues you!
The wight hits you with a +3 falchion of freezing!
* * * LOW HITPOINT WARNING * * *
The wight freezes you.
You die...

#......... #_†...⌠..#...
#......... #...#....#...
#####.########8##.#..#...
#.###....## ...######
....#...#.....# ...##'...
....#...#.....##._.8##...
....#...#......## ##.#...
....#'###.......# #..##..
........@z.#'######..##..
...........#..z..........
...........#.............
...........########.#####
##.....##### .###.###.
#.....'...# .z)zz....
#.....#...+ .........
#.....##### #########
#######


You could see a wight.

Vanquished Creatures
  An ice beast (D:6)
  2 water moccasins
  A sky beast (D:6)
  A black bear (D:7)
  4 ogres
  A phantom (D:6)
  A kobold brigand (D:6)
  2 bullfrogs
  3 scorpions
  A wight (D:7)
  4 crimson imps (D:4)
  3 hounds
  A jelly (D:7)
  3 bombardier beetles
  3 sleepcaps
  A gnoll bouda (D:5)
  Terence (D:2)
  Jessica (D:2)
  An iguana (D:7)
  An orc wizard (D:7)
  9 gnolls (D:5)
  4 adders
  3 shadow imps
  2 white imps
  A ribbon worm (D:3)
  A dart slug (D:2)
  18 orcs
  8 endoplasms
  7 goblins
  8 hobgoblins
  7 jackals (D:1)
  2 quokkas
  6 ball pythons
  3 bats
  3 frilled lizards
  9 kobolds
  5 rats
132 creatures vanquished.

Notes
Turn   | Place    | Note
-------+----------+-------------------------------------------
     0 | D:1      | GordonOverkill the Kobold Reaver began the quest for the
                  | Orb.
     0 | D:1      | Reached XP level 1. HP: 12/12 MP: 3/3
     9 | D:1      | Found Domy's Magic Scroll Shoppe.
   287 | D:1      | Reached XP level 2. HP: 10/17 MP: 5/5
   868 | D:1      | Reached skill level 1 in Ice Magic
   971 | D:1      | Reached XP level 3. HP: 21/21 MP: 7/7
  1296 | D:2      | Noticed Terence
  1554 | D:2      | Killed Terence
  1555 | D:2      | Reached XP level 4. HP: 8/19 MP: 4/8
  1738 | D:2      | Learned a level 3 spell: Hailstorm
  2144 | D:2      | Noticed Jessica
  2146 | D:2      | Killed Jessica
  2376 | D:2      | Reached XP level 5. HP: 27/27 MP: 9/9
  2376 | D:2      | Found a faded altar of an unknown god.
  3670 | D:4      | Noticed an ice beast
  3932 | D:4      | Found a staircase to the Ecumenical Temple.
  3964 | Temple   | Entered the Ecumenical Temple
  4114 | D:4      | You fall into a shaft and drop 2 floors!
  4118 | D:6      | Noticed an ice beast
  4138 | D:6      | Killed an ice beast
  4139 | D:6      | Reached XP level 6. HP: 23/35 MP: 3/10
  4191 | D:6      | Learned a level 4 spell: Airstrike
  4540 | D:6      | Noticed a water moccasin
  4542 | D:6      | Killed a water moccasin
  4543 | D:6      | Reached skill level 5 in Ice Magic
  4543 | D:6      | Reached skill level 2 in Air Magic
  4543 | D:6      | Reached XP level 7. HP: 41/41 MP: 11/11
  4640 | D:6      | Found a white marble altar of Elyvilon.
  4653 | D:6      | Reached skill level 3 in Air Magic
  4765 | D:5      | Entered Level 5 of the Dungeon
  4829 | D:5      | Reached skill level 4 in Air Magic
  4829 | D:5      | Reached XP level 8. HP: 40/46 MP: 8/12
  5031 | D:5      | Reached skill level 5 in Air Magic
  5551 | D:5      | Reached skill level 6 in Air Magic
  5976 | D:4      | Found a shimmering altar of Xom.
  6098 | D:4      | Reached skill level 7 in Air Magic
  6418 | D:4      | Found a runed translucent gate.
  6418 | D:4      | Found a runed translucent gate.
  6419 | D:4      | Found a runed translucent gate.
  6421 | D:4      | Found an opulent altar of Gozag.
  6594 | D:4      | Noticed hitsuchi's ghost (amateur GrEE)
  7460 | D:5      | Reached skill level 8 in Air Magic
  7680 | D:5      | Reached XP level 9. HP: 50/50 MP: 13/13
  7871 | D:5      | Found a sparkling altar of Nemelex Xobeh.
  8862 | D:7      | Reached skill level 5 in Spellcasting
  9048 | D:7      | Found a radiant altar of Vehumet.
  9051 | D:7      | Got Vehumet's Quarto of Traumaturgy
  9055 | D:7      | Found a shimmering blue altar of Sif Muna.
  9084 | D:7      | Became a worshipper of Vehumet
  9459 | D:7      | Reached skill level 9 in Air Magic
  9889 | D:7      | Found an ancient bone altar of Kikubaaqudgha.
  9926 | D:7      | Slain by a wight

Illustrated notes

Levels and vault maps discovered:
D:1:      roderic_chinese_lattice_arrival, layout_basic, serial_shops,
          shop_fountains, chequers_garden
D:2:      layout_loops_ring, shapermc_ecumenical_altar_notcrosses,
          corexii_shack, minivault_23, uniq_jessica, uniq_terence
D:3:      layout_loops_ring, minmay_misc_feat_columns, minmay_strange_pillars
D:4:      layout_loops_cross, led_xom_imps, minmay_temple_entry_junction,
          ebering_ghost_gozag, serial_library_hellmonk_open_square
D:5:      layout_gridville, mainiacjoe_overflow_alcove_1,
          minmay_misc_feat_ornament, serial_library_hellmonk_double_dead_end
D:6:      layout_rooms, elyvilon_altar_5, minmay_increasing_density
D:7:      layout_gridville, grunt_temple_overflow_magic_moments,
          mainiacjoe_overflow_concentric_impassable
Temple:   nicolae_temple_cloud_nine

Skill      XL: |  1  2  3  4  5  6  7  8  9 |
---------------+----------------------------+-----
Spellcasting   | 3 5 |  5.0
Ice Magic      | 1 2 3 4 5 |  5.0
Fighting       | 3 |  3.0
Conjurations   | 4 |  4.0
Air Magic      | 2 4 8 9 |  9.2
Short Blades   | |  4.0
Dodging        | |  2.4

Action                     |  1- 3 |  4- 6 |  7- 9 || total
---------------------------+-------+-------+-------++-------
  Melee: Short sword       |    81 |    81 |    59 ||   221
         Punch             |       |     2 |     3 ||     5
   Cast: Kiss of Death     |     3 |     2 |     2 ||     7
         Hailstorm         |       |    25 |    47 ||    72
         Airstrike         |       |       |    56 ||    56
  Evoke: Wand              |       |     3 |     4 ||     7
    Use: Potion            |       |     2 |       ||     2
         Scroll            |       |       |    10 ||    10
   Stab: Sleeping          |     8 |     3 |     2 ||    13
         Distracted        |       |     1 |       ||     1
         Invisible         |       |     2 |       ||     2
 Armour: Leather armour    |    31 |     9 |    29 ||    69
         Robe              |       |     5 |       ||     5
  Dodge: Dodged            |    40 |    60 |    82 ||   182
